 Dungeon Sprint DCSS version 0.16-a0-3803-gd4b2de5 (console) character file.

46566 Monkaria the Champion of Chaos (level 14, -6/140 HPs)
             Began as a Hill Orc Fighter on Jan 26, 2015.
             Was the Champion of Makhleb.
             Mangled by an Orb Guardian (19 damage)
             ... in the Dungeon (Sprint IX: "|||||||||||||||||||||||||||||").
             The game lasted 00:23:20 (6821 turns).

Monkaria the Champion of Chaos (Hill Orc Fighter)   Turns: 6821, Time: 00:23:20

Health: -6/140     AC: 29    Str: 24      XL:     14   Next: 38%
Magic:  0/34       EV: 10    Int:  9 (11) God:    Makhleb [******]
Gold:   1972       SH:  0    Dex: 10      Spells: 0 memorised, 13 levels left

rFire  + . .     SeeInvis .     l - +6 great sword (flame)
rCold  . . .     Clarity  .     s - +0 plate armour
rNeg   . . .     SustAb   .     (no shield)
rPois  .         Gourm    .     F - +2 helmet {Int+3}
rElec  .         Spirit   +     y - +1 cloak
rCorr  .         Warding  .     G - +1 pair of gloves
rMut   .         NoTele   +     q - +1 pair of boots
MR     ++...                    C - amulet of guardian spirit
Stlth  ..........               D - ring of protection from fire
                                a - ring of protection from magic

@: very slightly contaminated, hasted, very quick, very resistant to hostile
enchantments, extremely unstealthy
A: no striking features
a: Minor Destruction, Lesser Servant of Makhleb, Major Destruction, Greater
Servant of Makhleb, Renounce Religion


You were in the Dungeon.
You worshipped Makhleb.
Makhleb was exalted by your worship.
You were hungry.

You visited 1 branch You collected 1972 gold pieces.

Inventory:

Hand weapons
 l - a +6 great sword of flaming (weapon)
Missiles
 c - 8 tomahawks (quivered)
 A - 4 curare-tipped needles
Armour
 k - a fire dragon hide
 q - a +1 pair of boots (worn)
 s - a +0 plate armour (worn)
 y - a +1 cloak (worn)
 E - a +1 large shield
 F - a +2 helmet of intelligence (worn)
 G - a +1 pair of gloves (worn)
 H - a +1 ice dragon armour
Jewellery
 a - a ring of protection from magic (left hand)
 t - a +3 ring of dexterity
 u - a +3 ring of dexterity
 B - an uncursed ring of fire
 C - an amulet of guardian spirit (around neck)
 D - a ring of protection from fire (right hand)
Magical devices
 o - a wand of cold (1)
Scrolls
 g - 2 scrolls of recharging
 m - 4 scrolls of remove curse
 n - 2 scrolls of amnesia
Potions
 i - 4 potions of magic
 j - 3 potions of berserk rage
Miscellaneous
 e - a disc of storms
Comestibles
 b - 5 chunks of flesh
 d - 13 meat rations
 h - 39 fruits
 x - 9 bread rations


   Skills:
 - Level 17.0 Fighting
 - Level 20.1 Long Blades
 - Level 17.3 Armour
 + Level 6.1 Dodging
 - Level 15.0 Shields
 - Level 20.2 Invocations
 - Level 14.8 Evocations


You had 13 spell levels left.
You didn't know any spells.

Dungeon Overview and Level Annotations

Branches:
Dungeon (1/1)

Altars:
Cheibriados
Dithmenos
Elyvilon
Fedhas
Gozag
Kikubaaqudgha
Makhleb
Nemelex Xobeh
Okawaru
Qazlal
Ru
Sif Muna
Trog
Vehumet
Xom
Yredelemnul
Zin
The Shining One
Beogh
Jiyva
Lugonu

Shops:
D ([((

Annotations:
D Ereshkigal, Sonja


Message History

Your Dodging skill increases to level 6!
You feel the corruption within you wane completely.
You feel stronger.
Your system completely accepts artificial healing.
You feel stronger. The Orb Guardian hits you!!
* * * LOW HITPOINT WARNING * * *
Press: ? - help, v - describe, . - travel, g - get item
Here: a wretched star (lightly damaged)
A trident.
There is something else lying underneath.
The floor, spattered with blood.
Unknown command.
Unknown command.
Unknown command.
You closely miss the wretched star.
The wretched star is lightly damaged.
Ereshkigal gestures.
The Orb Guardian hits you!!
You die...

▓▓▓▓▓▓▓▓▓▓▓▓▓▓▓▓▓▓▓▓▓▓▓▓▓
..(+)))†))(.())*@X1&2....
▓▓▓▓▓▓▓▓▓▓▓▓▓▓▓▓▓▓▓▓▓▓▓▓▓▓▓▓▓▓▓▓▓
.....................).........[.
▓▓▓▓▓▓▓▓▓▓▓▓♣♣♣♣♣♣♣♣♣♣▓▓▓▓▓▓▓▓▓▓▓
)(().......†'.........'..........
▓▓▓▓▓▓▓▓▓▓▓▓♣♣♣♣♣♣♣♣♣♣▓▓▓▓▓▓▓▓▓▓▓
.................................
▓▓▓▓▓▓▓▓▓▓▓▓▓▓▓▓▓▓▓▓▓▓▓▓▓▓▓▓▓▓▓▓▓
........[')......(((.....'.......


You could see Ereshkigal, a Hell Sentinel, an Orb Guardian, a wretched star and
a hellion.

Vanquished Creatures
  A tengu reaver (D)
  A frost giant (D)
  A fire giant (D)
  A ghost moth (D)
  A vault warden (D)
  2 stone giants (D)
  A red draconian (D)
  4 fire dragons (D)
  3 yaktaur captains (D)
  A minotaur (D)
  3 ice dragons (D)
  A merfolk avatar (D)
  An alligator (D)
  2 merfolk aquamancers (D)
  A centaur warrior (D)
  2 tengu warriors (D)
  A vampire mage (D)
  A shock serpent (D)
  Urug (D)
  4 orc high priests (D)
  An unseen horror (D)
  2 ironbrand convokers (D)
  A harpy (D)
  3 hill giants (D)
  A griffon (D)
  2 wolf spiders (D)
  An ugly thing (D)
  3 orc knights (D)
  An orc sorcerer (D)
  A black mamba (D)
  A vault sentinel (D)
  2 sirens (D)
  A gargoyle (D)
  2 komodo dragons (D)
  A demonic crawler (D)
  5 yaktaurs (D)
  3 merfolk (D)
  2 freezing wraiths (D)
  A troll (D)
  A deep elf priest (D)
  A raven (D)
  A jumping spider (D)
  2 giant leeches (D)
  A bog body (D)
  A shadow (D)
  3 trapdoor spiders (D)
  3 yaks (D)
  A vampire (D)
  A wraith (D)
  2 hippogriffs (D)
  A hungry ghost (D)
  A tengu zombie (D)
  A naga (D)
  A warg (D)
  2 wolves (D)
  2 water moccasins (D)
  5 hell hounds (D)
  9 orc warriors (D)
  A tengu (shapeshifter) (D)
  A wasp (D)
  A boggart (D)
  A big kobold (D)
  3 giant frogs (D)
  4 crocodiles (D)
  A scorpion (D)
  3 hounds (D)
  2 orc priests (D)
  3 orc wizards (D)
  2 sheep (D)
  2 adders (D)
  A shadow imp (D)
  A worm (D)
  2 adder zombies (D)
  6 orcs (D)
  2 goblins (D)
  A hobgoblin (D)
  A jackal (D)
  A kobold (D)
  2 quokkas (D)
  3 bats (D)
  A rat (D)
  A spectral giant cockroach (D)
152 creatures vanquished.

Vanquished Creatures (collateral kills)
  A greater naga (D)
  An emperor scorpion (D)
  Nessos (D)
  2 anacondas (D)
  6 orc high priests (D)
  A hell knight (D)
  A mana viper (D)
  A salamander (D)
  A naga mage (D)
  A smoke demon (D)
  A naga (D)
  2 orc warriors (D)
  6 orc priests (D)
25 creatures vanquished.

Vanquished Creatures (others)
  An Executioner (D)
  A balrug (D)
  2 cacodemons (D)
  A green death (D)
  A blizzard demon (D)
  A deep troll shaman (D)
  An unseen horror (D)
  A necromancer (D)
  A slime creature (D)
  A swamp drake (D)
  A fungus (D)
  A plant (D)
13 creatures vanquished.

Grand Total: 190 creatures vanquished

Notes
Turn   | Place    | Note
--------------------------------------------------------------
     0 | D        | Monkaria, the Hill Orc Fighter, began the quest for the Orb.
     0 | D        | Reached XP level 1. HP: 19/19 MP: 1/1
     6 | D        | Reached skill level 4 in Fighting
    28 | D        | Reached XP level 2. HP: 20/28 MP: 2/2
    37 | D        | Reached skill level 5 in Fighting
    49 | D        | Reached skill level 5 in Long Blades
    53 | D        | HP: 1/29 [quokka (2)]
    62 | D        | Found a glowing silver altar of Zin.
    62 | D        | Found a glowing golden altar of the Shining One.
    62 | D        | Found an ancient bone altar of Kikubaaqudgha.
    62 | D        | Found a basalt altar of Yredelemnul.
    62 | D        | Found a shimmering altar of Xom.
    62 | D        | Found a radiant altar of Vehumet.
    62 | D        | Found an iron altar of Okawaru.
    63 | D        | Found a burning altar of Makhleb.
    64 | D        | Found a deep blue altar of Sif Muna.
    65 | D        | Found a bloodstained altar of Trog.
    66 | D        | Found a sparkling altar of Nemelex Xobeh.
    67 | D        | Found a white marble altar of Elyvilon.
    68 | D        | Found a roughly hewn altar of Beogh.
    69 | D        | Found a viscous altar of Jiyva.
    70 | D        | Found a corrupted altar of Lugonu.
    71 | D        | Found a blossoming altar of Fedhas.
    72 | D        | Became a worshipper of Makhleb the Destroyer
    73 | D        | Found a snail-covered altar of Cheibriados.
    74 | D        | Found a shadowy altar of Dithmenos.
    75 | D        | Found a stormy altar of Qazlal.
    76 | D        | Found an opulent altar of Gozag.
    77 | D        | Found a sacrificial altar of Ru.
   357 | D        | Noticed a troll
   357 | D        | Noticed a scorpion
   360 | D        | Reached XP level 3. HP: 36/36 MP: 3/3
   361 | D        | Acquired Makhleb's first power
   386 | D        | Killed an unseen horror
   386 | D        | Reached skill level 11 in Fighting
   386 | D        | Reached skill level 13 in Long Blades
   386 | D        | Reached XP level 4. HP: 25/55 MP: 4/4
   386 | D        | Reached XP level 5. HP: 27/60 MP: 5/5
   386 | D        | Reached XP level 6. HP: 30/68 MP: 6/6
   386 | D        | Reached XP level 7. HP: 32/74 MP: 7/7
   392 | D        | Killed a troll
   392 | D        | Reached skill level 14 in Long Blades
   395 | D        | Killed a scorpion
   395 | D        | Acquired Makhleb's second power
   406 | D        | Noticed a yak
   406 | D        | Noticed a big kobold
   406 | D        | Noticed a yak
   406 | D        | Noticed a hungry ghost
   406 | D        | Noticed a vampire
   406 | D        | Noticed a crocodile
   408 | D        | Killed a yak
   408 | D        | Reached XP level 8. HP: 70/84 MP: 8/8
   412 | D        | Killed a big kobold
   412 | D        | Acquired Makhleb's third power
   418 | D        | Killed a yak
   418 | D        | Reached skill level 15 in Long Blades
   423 | D        | Killed a hungry ghost
   443 | D        | Killed a vampire
   443 | D        | Acquired Makhleb's fourth power
   445 | D        | Killed a crocodile
   445 | D        | Reached skill level 16 in Long Blades
   696 | D        | Noticed a giant frog
   696 | D        | Noticed a crocodile
   696 | D        | Noticed a yak
   696 | D        | Noticed a komodo dragon
   696 | D        | Noticed a crocodile
   696 | D        | Noticed a hound
   696 | D        | Noticed a black mamba
   698 | D        | Killed a giant frog
   702 | D        | Killed a crocodile
   711 | D        | Killed a yak
   711 | D        | Reached XP level 9. HP: 91/94 MP: 9/9
   720 | D        | Killed a komodo dragon
   720 | D        | Reached skill level 17 in Long Blades
   722 | D        | Killed a crocodile
   722 | D        | Acquired Makhleb's fifth power
   726 | D        | Killed a hound
   739 | D        | Killed a black mamba
   954 | D        | Noticed a hound
   954 | D        | Noticed a crocodile
   954 | D        | Noticed a komodo dragon
   954 | D        | Noticed a hound
   954 | D        | Noticed a giant frog
   954 | D        | Noticed a water moccasin
   960 | D        | Noticed a hippogriff
   961 | D        | Killed a hound
   965 | D        | Noticed a giant frog
   965 | D        | Killed a crocodile
   965 | D        | Reached skill level 15 in Fighting
   970 | D        | Killed a komodo dragon
   970 | D        | Reached skill level 18 in Long Blades
   975 | D        | Killed a hound
   978 | D        | Killed a giant frog
   985 | D        | Killed a water moccasin
   992 | D        | Killed a hippogriff
   999 | D        | Killed a giant frog
   999 | D        | Reached skill level 5 in Invocations
   999 | D        | Reached XP level 10. HP: 105/105 MP: 10/18
  1013 | D        | Noticed a hell hound
  1013 | D        | Noticed a hell hound
  1013 | D        | Noticed a warg
  1013 | D        | Noticed a hell hound
  1013 | D        | Noticed a wolf
  1013 | D        | Noticed a wolf
  1016 | D        | Noticed a hell hound
  1022 | D        | Killed a hell hound
  1030 | D        | Killed a hell hound
  1037 | D        | Noticed a hell hound
  1045 | D        | Killed a warg
  1055 | D        | Killed a hell hound
  1062 | D        | Killed a hell hound
  1067 | D        | Killed a hell hound
  1070 | D        | Killed a wolf
  1070 | D        | Reached skill level 10 in Invocations
  1073 | D        | Killed a wolf
  1314 | D        | Noticed Urug
  1328 | D        | Killed Urug
  1439 | D        | Noticed an orc priest
  1439 | D        | Noticed an orc wizard
  1439 | D        | Noticed an orc priest
  1439 | D        | Noticed an orc warrior
  1445 | D        | Killed an orc priest
  1447 | D        | Killed an orc priest
  1448 | D        | Noticed an orc warrior
  1453 | D        | Killed an orc wizard
  1454 | D        | Noticed an orc warrior
  1536 | D        | Killed an orc warrior
  1542 | D        | Killed an orc warrior
  1884 | D        | Noticed an orc wizard
  1890 | D        | Killed an orc wizard
  1907 | D        | Killed an orc warrior
  1965 | D        | Noticed an orc warrior
  1965 | D        | Noticed an orc warrior
  1965 | D        | Noticed an orc high priest
  1965 | D        | Noticed an orc high priest
  1965 | D        | Noticed an orc warrior
  1965 | D        | Noticed an orc wizard
  1965 | D        | Noticed an orc warrior
  1971 | D        | Killed an orc warrior
  1980 | D        | Killed an orc warrior
  1980 | D        | Killed an orc high priest
  1980 | D        | Killed an orc high priest
  1980 | D        | Reached skill level 15 in Invocations
  1980 | D        | Killed a smoke demon
  1987 | D        | Noticed an orc warrior
  1992 | D        | Killed an orc warrior
  1994 | D        | Killed an orc warrior
  1997 | D        | Killed an orc warrior
  2002 | D        | Killed an orc wizard
  2005 | D        | Noticed an orc sorcerer
  2008 | D        | Noticed an orc warrior
  2011 | D        | Noticed an orc warrior
  2011 | D        | Paralysed by an orc sorcerer for 7 turns
  2019 | D        | Killed an orc sorcerer
  2019 | D        | Reached XP level 11. HP: 104/112 MP: 29/29
  2022 | D        | Killed an orc warrior
  2026 | D        | Killed an orc warrior
  2049 | D        | Noticed an orc high priest
  2060 | D        | Killed an orc high priest
  2098 | D        | Found Ijocel's Antique Weapon Emporium.
  2098 | D        | Noticed an orc priest
  2098 | D        | Noticed an orc high priest
  2098 | D        | Noticed an orc priest
  2098 | D        | Noticed an orc priest
  2098 | D        | Noticed an orc high priest
  2098 | D        | Noticed an orc high priest
  2099 | D        | Noticed a soul eater
  2100 | D        | Killed an orc priest
  2100 | D        | Killed an orc priest
  2104 | D        | Killed an orc high priest
  2105 | D        | Killed an orc priest
  2115 | D        | Killed an orc high priest
  2115 | D        | Killed an orc priest
  2116 | D        | Killed an orc high priest
  2118 | D        | Noticed an orc priest
  2119 | D        | Killed an orc priest
  2131 | D        | Found Asoaw's Armour Shoppe.
  2134 | D        | Found Jorad's Weapon Emporium.
  2138 | D        | Found Xiogiell's Weapon Shoppe.
  2140 | D        | Noticed an orc high priest
  2141 | D        | Noticed an orc priest
  2146 | D        | Killed an orc high priest
  2146 | D        | Reached skill level 19 in Invocations
  2147 | D        | Killed an orc priest
  2148 | D        | Noticed an orc high priest
  2149 | D        | Noticed an orc high priest
  2151 | D        | Noticed an orc high priest
  2156 | D        | Killed an orc high priest
  2168 | D        | Killed an orc high priest
  2168 | D        | Reached skill level 20 in Invocations
  2176 | D        | Killed an orc high priest
  2311 | D        | Noticed Sonja
  2606 | D        | Noticed a tengu warrior
  2606 | D        | Noticed a shadow
  2606 | D        | Noticed a tengu warrior
  2606 | D        | Noticed a centaur warrior
  2606 | D        | Noticed an orc warrior
  2613 | D        | Noticed a gargoyle
  2628 | D        | Killed a tengu warrior
  2633 | D        | Noticed a boggart
  2677 | D        | Killed a shadow
  2931 | D        | Killed a tengu warrior
  2931 | D        | Reached skill level 10 in Armour
  2944 | D        | Killed a centaur warrior
  2951 | D        | Killed an orc warrior
  2962 | D        | Noticed a fire dragon
  2972 | D        | Killed a gargoyle
  2974 | D        | Killed a boggart
  3281 | D        | Killed a fire dragon
  3281 | D        | Reached XP level 12. HP: 43/119 MP: 32/32
  3564 | D        | Noticed a hill giant
  3581 | D        | Killed a hill giant
  3586 | D        | Noticed a necromancer
  3587 | D        | Noticed a stone giant
  3588 | D        | Noticed a deep troll shaman
  3589 | D        | Noticed a slime creature
  3592 | D        | Killed a necromancer
  3607 | D        | Killed a stone giant
  3608 | D        | Killed a deep troll shaman
  3609 | D        | Killed a slime creature
  3929 | D        | Noticed Nessos
  3976 | D        | Killed Nessos
  4359 | D        | Noticed a jumping spider
  4359 | D        | Noticed a wolf spider
  4359 | D        | Noticed a wasp
  4359 | D        | Noticed a demonic crawler
  4360 | D        | Noticed a wolf spider
  4362 | D        | Killed a jumping spider
  4364 | D        | Noticed a trapdoor spider
  4365 | D        | Killed a trapdoor spider
  4415 | D        | Killed a ghost moth
  4415 | D        | Reached skill level 10 in Shields
  4425 | D        | Killed a wolf spider
  4430 | D        | Killed a wasp
  4445 | D        | Killed a demonic crawler
  4457 | D        | Killed a wolf spider
  4458 | D        | Noticed a trapdoor spider
  4700 | D        | Noticed a trapdoor spider
  4706 | D        | Killed a trapdoor spider
  4712 | D        | Killed a trapdoor spider
  4720 | D        | Noticed a merfolk aquamancer
  4720 | D        | Noticed a merfolk aquamancer
  4720 | D        | Noticed a merfolk
  4720 | D        | Noticed a merfolk
  4720 | D        | Noticed a merfolk
  4720 | D        | Noticed a merfolk avatar
  4720 | D        | Noticed a siren
  4728 | D        | Noticed a hippogriff
  4734 | D        | Killed a merfolk aquamancer
  4735 | D        | Killed a merfolk
  4735 | D        | Killed a merfolk
  4736 | D        | Noticed a siren
  4736 | D        | Killed a merfolk avatar
  4755 | D        | Killed a merfolk
  4765 | D        | Killed a siren
  4775 | D        | Killed a hippogriff
  4789 | D        | Killed a siren
  4789 | D        | Reached skill level 15 in Shields
  4817 | D        | Noticed a salamander
  4817 | D        | Noticed a naga
  4817 | D        | Noticed a naga mage
  4817 | D        | Noticed a mana viper
  4817 | D        | Noticed an anaconda
  4817 | D        | Noticed a greater naga
  4817 | D        | Noticed a shock serpent
  4818 | D        | Noticed an anaconda
  4825 | D        | Killed a salamander
  4835 | D        | Killed a naga mage
  4839 | D        | Killed a naga
  4843 | D        | Killed an anaconda
  4844 | D        | Killed a mana viper
  4859 | D        | Killed a greater naga
  4859 | D        | Reached XP level 13. HP: 93/126 MP: 33/33
  4895 | D        | Killed a merfolk aquamancer
  4895 | D        | Reached skill level 15 in Armour
  5130 | D        | Killed an anaconda
  5131 | D        | Noticed a naga
  5140 | D        | Killed a shock serpent
  5144 | D        | Killed a naga
  5170 | D        | Noticed a raven
  5170 | D        | Noticed a bog body
  5170 | D        | Noticed a water moccasin
  5170 | D        | Noticed a giant leech
  5170 | D        | Noticed an alligator
  5170 | D        | Noticed a swamp drake
  5173 | D        | Noticed a giant leech
  5174 | D        | Killed a raven
  5177 | D        | Killed a bog body
  5177 | D        | Killed a swamp drake
  5190 | D        | Killed a water moccasin
  5209 | D        | Killed a giant leech
  5211 | D        | Killed an alligator
  5223 | D        | Killed a giant leech
  5414 | D        | Noticed a yaktaur
  5414 | D        | Noticed a minotaur
  5414 | D        | Noticed a fire dragon
  5414 | D        | Noticed a fire dragon
  5414 | D        | Noticed a deep elf priest
  5414 | D        | Noticed an emperor scorpion
  5414 | D        | Noticed a fire dragon
  5417 | D        | Noticed a fire giant
  5425 | D        | Killed a yaktaur
  5426 | D        | Noticed an ice dragon
  5444 | D        | Killed a minotaur
  5445 | D        | Noticed an ice dragon
  5458 | D        | Killed a fire dragon
  5476 | D        | Noticed a stone giant
  5481 | D        | Killed a fire dragon
  5485 | D        | Noticed a hell knight
  5487 | D        | Killed a deep elf priest
  5501 | D        | Noticed a vampire mage
  5523 | D        | Killed an emperor scorpion
  5524 | D        | Killed a hell knight
  5954 | D        | Killed a fire dragon
  5980 | D        | Killed a fire giant
  6037 | D        | Killed an ice dragon
  6198 | D        | Killed a stone giant
  6206 | D        | Killed an ice dragon
  6399 | D        | Killed a vampire mage
  6536 | D        | Noticed a tengu reaver
  6537 | D        | Noticed a yaktaur
  6538 | D        | Noticed an ice dragon
  6539 | D        | Noticed a yaktaur
  6540 | D        | Noticed a frost giant
  6547 | D        | Killed a tengu reaver
  6547 | D        | Reached skill level 5 in Evocations
  6552 | D        | Killed a yaktaur
  6562 | D        | Killed an ice dragon
  6566 | D        | Killed a yaktaur
  6571 | D        | Killed a frost giant
  6706 | D        | Noticed a yaktaur captain
  6706 | D        | Noticed an orc knight
  6706 | D        | Noticed a hill giant
  6706 | D        | Noticed a vault sentinel
  6706 | D        | Noticed a black mamba
  6706 | D        | Noticed a yaktaur
  6706 | D        | Noticed a yaktaur captain
  6707 | D        | Noticed a hill giant
  6707 | D        | a black mamba changed into a hog
  6712 | D        | Killed a yaktaur captain
  6712 | D        | Reached skill level 10 in Evocations
  6712 | D        | Reached XP level 14. HP: 127/140 MP: 26/34
  6717 | D        | Killed an orc knight
  6720 | D        | Killed a hill giant
  6721 | D        | Noticed a yaktaur captain
  6725 | D        | Noticed a green ugly thing
  6727 | D        | Killed a vault sentinel
  6730 | D        | Noticed a griffon
  6732 | D        | Noticed a freezing wraith
  6735 | D        | Killed a yaktaur captain
  6736 | D        | Noticed an ironbrand convoker
  6740 | D        | Killed a yaktaur
  6741 | D        | Killed a hill giant
  6743 | D        | Noticed an orc knight
  6743 | D        | Killed an unseen horror
  6744 | D        | Noticed a yaktaur
  6745 | D        | Noticed an orc knight
  6754 | D        | Killed a yaktaur captain
  6758 | D        | Noticed a vault warden
  6762 | D        | Killed a green ugly thing
  6763 | D        | Noticed a freezing wraith
  6767 | D        | Killed a griffon
  6771 | D        | Killed a freezing wraith
  6774 | D        | Killed an ironbrand convoker
  6780 | D        | Noticed an ironbrand convoker
  6784 | D        | Killed an orc knight
  6786 | D        | Killed a yaktaur
  6786 | D        | Reached skill level 1 in Dodging
  6795 | D        | Killed an orc knight
  6797 | D        | Noticed a harpy
  6800 | D        | Killed a vault warden
  6804 | D        | Killed a freezing wraith
  6804 | D        | Reached skill level 5 in Dodging
  6806 | D        | Noticed Ereshkigal
  6806 | D        | Noticed a wretched star
  6806 | D        | Noticed an Orb Guardian
  6806 | D        | Noticed a red draconian
  6806 | D        | Noticed a Hell Sentinel
  6817 | D        | Killed an ironbrand convoker
  6817 | D        | Killed a harpy
  6820 | D        | Killed a red draconian
  6821 | D        | Mangled by an Orb Guardian

Action                   |  1- 3 |  4- 6 |  7- 9 | 10-12 | 13-15 || total
-------------------------+-------+-------+-------+-------+-------++-------
Melee: Long sword        |    44 |       |       |       |       ||    44
       Scimitar          |    26 |       |   138 |   476 |   194 ||   834
       Great sword       |       |       |       |       |   163 ||   163
Invok: Greater Servant o |       |       |       |     5 |     4 ||     9
Evoke: Wand              |       |       |       |     5 |     1 ||     6
       Disc of storms    |       |       |       |     2 |     3 ||     5
  Use: Potion            |     3 |       |     1 |    14 |     4 ||    22
       Scroll            |       |       |       |     3 |     9 ||    12
 Stab: Invisible         |       |       |       |     3 |       ||     3
  Eat: Chunk             |       |       |       |     6 |     1 ||     7
       Bread ration      |       |       |       |     2 |     1 ||     3
       Fruit             |       |       |       |     1 |       ||     1
